 Dungeon Crawl Stone Soup version 0.11.0-9-gb634444 (webtiles) character file.

1536 cosh the Chiller (level 8, -8/57 HPs)
             Began as a Yellow Draconian Ice Elementalist on Oct 25, 2012.
             Was an Initiate of Vehumet.
             Shot with an arrow of flame by a centaur (18 damage)
             ... on Level 6 of the Dungeon.
             The game lasted 00:21:45 (8853 turns).

cosh the Chiller (DrIE)                             Turns: 8853, Time: 00:21:45

HP  -8/57        AC  7     Str 10      XL: 8   Next: 23%
MP  20/20        EV 13     Int 17      God: Vehumet [......]
Gold 325         SH  0     Dex 13      Spells:  2 memorised, 16 levels left

Res.Fire  : . . .   See Invis. : .   (no weapon)
Res.Cold  : . . .   Warding    : .   (armour unavailable)
Life Prot.: . . .   Conserve   : .   (no shield)
Res.Poison: .       Res.Corr.  : +   (helmet restricted)
Res.Elec. : .       Clarity    : .   (no cloak)
Sust.Abil.: . .     Spirit.Shd : .   y - +0 pair of elf gloves
Res.Mut.  : .       Stasis     : .   (no boots)
Res.Rott. : .       Ctrl.Telep.: .   (no amulet)
Saprovore : . . .   Levitation : .   (no ring) Ctrl.Flight: +
                                     (no ring)

@: slightly resistant to hostile enchantments, fairly stealthy
A: spit acid, acid resistance, unfitting armour
a: Spit Acid, Renounce Religion


You were on level 6 of the Dungeon.
You worshipped Vehumet.
Vehumet was noncommittal.
You were not hungry.

You visited 2 branches of the dungeon, and saw 7 of its levels.

You collected 305 gold pieces.

Inventory:

Armour
 y - a +0 pair of elven gloves (worn)
Comestibles
 c - 3 bread rations
 f - a meat ration
 t - an orange
 u - 2 pears
Scrolls
 a - 3 scrolls of teleportation {unknown}
 d - 3 scrolls of remove curse {unknown}
 e - a scroll of amnesia {unknown}
 g - 2 scrolls of enchant weapon I {unknown}
 h - a scroll of enchant armour {unknown}
 j - 2 scrolls of noise {unknown}
 k - a scroll of random uselessness {unknown}
 l - 3 scrolls of identify {unknown}
 m - a scroll of fear {unknown}
 q - 3 scrolls of recharging {unknown}
 r - a scroll of enchant weapon II {unknown}
Jewellery
 i - an uncursed ring of protection from fire {unknown}
 n - a cursed ring of hunger {unknown}
 p - a cursed ring of hunger {unknown}
 v - an uncursed ring of protection from cold {unknown}
 A - a +0,+5 ring of slaying {unknown}
Potions
 o - a potion of poison
 x - a potion of speed {unknown}
 B - a potion of paralysis {unknown}
Books
 b - a book of Frost

   Spells                             Type                      Level
   *Freeze                            Ice                          1
   *Throw Frost                       Conjuration/Ice              2
   Ozocubu's Armour                   Charms/Ice                   3
   Throw Icicle                       Conjuration/Ice              4
   Summon Ice Beast                   Ice/Summoning                4
   Condensation Shield                Ice/Transmutation            4
 w - a book of Maledictions

   Spells                             Type                      Level
   Corona                             Hexes                        1
   Sure Blade                         Hexes/Charms                 2
   Ensorcelled Hibernation            Hexes/Ice                    2
   Confuse                            Hexes                        3
   Enslavement                        Hexes                        4
   Invisibility                       Hexes                        6


   Skills:
 + Level 2.8 Dodging
 + Level 2.3 Stealth
 + Level 0.4 Traps & Doors
 + Level 0.2 Unarmed Combat
 + Level 6.0 Spellcasting
 * Level 1.8 Conjurations
 + Level 6.1 Ice Magic


You had 16 spell levels left.
You knew the following spells:

 Your Spells              Type           Power        Failure   Level  Hunger
a - Freeze                Ice            #####        1%          1    None
b - Throw Frost           Conj/Ice       ####...      3%          2    None


Dungeon Overview and Level Annotations

Branches:
Dungeon (6/27)             Temple (1/1) D:6
    Orc: D:6-11

Altars:
Ashenzari
Cheibriados
Elyvilon
Fedhas
Nemelex Xobeh
Okawaru
Trog
Vehumet
Xom
Yredelemnul
Zin
the Shining One


Message History

One of your 2 scrolls labeled MUCKUNK PLER catches fire!
* * * LOW HITPOINT WARNING * * *
The centaur shoots an arrow of flame.
The arrow of flame misses you.
Casting: Throw Frost
Confirm with . or Enter, or press ? or * to list all spells.
Aiming: Throw Frost
Press: ? - help, Shift-Dir - straight line, f/p - centaur
Aim: a centaur, wielding a bow of flame (lightly wounded)
The puff of frost hits the centaur.
The centaur is heavily wounded.
The centaur shoots an arrow of flame.
The arrow of flame misses you.
Drink which item? (? for menu, Esc to quit)
Okay, then.
Read which item? (? for menu, Esc to quit)
Okay, then.
Drink which item? (? for menu, Esc to quit)
Magic courses through your body.
It was a potion of magic.
The centaur shoots an arrow of flame.
The arrow of flame hits you!
One of your 4 scrolls labeled QAEPHU NIULL catches fire!
You die...

####### ....... #########
.......
........###########%.......
............(@.(.(.(c.......
.........###########........
.........######### ..)....
.................. .......
..........######### .#....<
.######.## .#....
###.######## .# ..
#..........# .# .
#..........# . #.


You could see a centaur.

Vanquished Creatures
  The ghost of Icemaster the Vexing, an average SpEn of Sif Muna (D:3)
  An ogre (D:5)
  A crocodile (D:6)
  A giant frog (D:6)
  3 big kobolds (D:4)
  4 crimson imps
  A hound (D:4)
  An orc priest (D:5)
  A hound skeleton (D:4)
  An orc wizard (D:5)
  2 scorpions (D:6)
  2 worker ants
  An iguana (D:5)
  A jelly (D:6)
  9 adders
  3 worms
  An inept feature mimic (D:2)
  A giant eyeball (D:4)
  A bat skeleton (D:4)
  A giant gecko (D:2)
  6 orcs
  15 bats
  4 giant cockroaches
  10 hobgoblins
  4 jackals
  5 quokkas
  3 ball pythons
  10 giant newts
  16 goblins
  50 kobolds
  A kobold skeleton (D:5)
  An orc skeleton (D:4)
  13 rats
  A rat skeleton (D:5)
  A rat zombie (D:5)
177 creatures vanquished.

Vanquished Creatures (others)
  17 toadstools
17 creatures vanquished.

Grand Total: 194 creatures vanquished

Notes
Turn   | Place    | Note
--------------------------------------------------------------
     0 | D:1      | cosh, the Draconian Ice Elementalist, began the quest for the Orb.
     0 | D:1      | Reached XP level 1. HP: 14/14 MP: 3/3
   311 | D:1      | Reached XP level 2. HP: 20/20 MP: 4/4
   465 | D:1      | Found an iron altar of Okawaru.
  1067 | D:2      | Reached XP level 3. HP: 18/26 MP: 3/6
  1142 | D:2      | Learned a level 2 spell: Throw Frost
  1636 | D:2      | Reached XP level 4. HP: 33/33 MP: 5/8
  2054 | D:3      | Reached skill level 4 in Ice Magic
  2268 | D:3      | Noticed Icemaster's ghost (average SpEn)
  2804 | D:3      | Found a blossoming altar of Fedhas.
  2924 | D:3      | Reached XP level 5. HP: 25/38 MP: 5/10
  4008 | D:4      | Reached XP level 6. HP: 45/45 MP: 5/13
  4638 | D:4      | Paralysed by a giant eyeball for 2 turns
  4755 | D:4      | Reached skill level 5 in Ice Magic
  5806 | D:4      | Your scales start taking on a golden yellow colour.
  5806 | D:4      | Reached XP level 7. HP: 47/50 MP: 9/17
  6199 | D:5      | Entered Level 5 of the Dungeon
  6693 | D:5      | Reached skill level 5 in Spellcasting
  8193 | D:3      | Killed Icemaster's ghost
  8232 | D:6      | Reached XP level 8. HP: 44/57 MP: 13/20
  8478 | D:6      | Found a staircase to the Ecumenical Temple.
  8499 | D:6      | Reached skill level 6 in Ice Magic
  8503 | Temple   | Entered the Ecumenical Temple
  8582 | Temple   | Became a worshipper of Vehumet
  8853 | D:6      | Shot with an arrow of flame by a centaur
